 Dungeon Sprint DCSS version 0.31-a0-806-g0bc164a743 (webtiles) character file.

Game seed: 4424654377426142214

43786 Revguard the End of an Era (level 13, -3/175 HPs)
             Began as a Demonspawn Fighter on Sept 21, 2023.
             Was the Champion of Qazlal.
             Slain by a balrug
             ... wielding a +1 demon whip of venom
              (7 damage)
             ... in the Dungeon (Sprint V: "Ziggurat Sprint").
             The game lasted 00:11:40 (1690 turns).

Revguard the End of an Era (Demonspawn Fighter)     Turns: 1690, Time: 00:11:40

Health: -3/175     AC: 36    Str: 26    XL:     13   Next: 92%
Magic:  0/26       EV: 11    Int: 17    God:    Qazlal [******]
Gold:   0          SH: 45    Dex: 21    Spells: 12/12 levels left

rFire   + + .        E - +11 Screaming Sword {sonic wave}
rCold   + . .        C - +18 shield of the Gong {Loud rN+ Will+ rCorr EV-5}
rNeg    + + +        D - +15 Maxwell's patent armour {-Cast -Tele rElec Will+ rCorr}
rPois   +            I - -2 hat of the Alchemist {rElec rPois rF+ rC+ rN+ Will+ rMut rCorr}
rElec   +            M - +1 cloak {Will+}
rCorr   +            (no gloves)
SInv    +            (no boots)
Will    ++++.        w - amulet of reflection Stlth
                     y - ring "Uckuul" {rElec Str+6 SInv}
HPRegen 0.00/turn    c - ring of Thoughtfulness {rN+ Int+8 Dex+6 SInv Stlth-}
MPRegen 0.40/turn

%: no teleportation, no spellcasting, repel missiles, reflection, resist
mutation, guardian spirit
@: berserking, weakened, protected from fire, inhibited regen, studying 2
skills, very quick
A: claws 2, thin metallic scales 2, demonic guardian 1, magic shield, magic
regeneration, inhibited regeneration
a: Renounce Religion, Upheaval, Elemental Force, Disaster Area


You were in the Dungeon.
You worshipped Qazlal.
Qazlal was exalted by your worship.
You visited 1 branch

Inventory:

Hand Weapons
 E - the +11 Screaming Sword (weapon) {sonic wave}
   (You found it in the Dungeon)
Missiles
 x - a throwing net
Armour
 C - the +18 shield of the Gong (worn) {Loud rN+ Will+ rCorr EV-5}
   (You found it in the Dungeon)

   Loud:      It is deafeningly noisy when blocking attacks.
   EV-5:      It affects your evasion (-5).
   rN+:       It protects you from negative energy.
   Will+:     It increases your willpower.
   rCorr:     It protects you from acid and corrosion.
 D - the +15 Maxwell's patent armour (worn) {-Cast -Tele rElec Will+ rCorr}
   (You found it in the Dungeon)

   rElec:     It insulates you from electricity.
   Will+:     It increases your willpower.
   -Cast:     It prevents spellcasting.
   -Tele:     It prevents most forms of teleportation.
   rCorr:     It protects you from acid and corrosion.
 I - the -2 hat of the Alchemist (worn) {rElec rPois rF+ rC+ rN+ Will+ rMut rCorr}
   (You found it in the Dungeon)

   rF+:       It protects you from fire.
   rC+:       It protects you from cold.
   rElec:     It insulates you from electricity.
   rPois:     It protects you from poison rN+: It protects you from negative
   energy.
   Will+:     It increases your willpower.
   rCorr:     It protects you from acid and corrosion.
   rMut:      It protects you from mutation.
 J - the +3 warlock's mirror {omnireflect}
   (You found it in the Dungeon)

   Omnireflect: It can block and reflect piercing ranged attacks and magical
   attacks against the wielder's willpower.
 M - a +1 cloak of willpower (worn)
Jewellery
 c - the ring of Thoughtfulness (right claw) {rN+ Int+8 Dex+6 SInv Stlth-}
   (You found it in the Dungeon)

   [ring of dexterity]

   Int+8:     It affects your intelligence (+8).
   Dex+6:     It affects your dexterity (+6).
   rN+:       It protects you from negative energy.
   SInv:      It lets you see invisible.
   Stlth-:    It makes you less stealthy.
 v - the ring of Joy {Will+ Int+3 Dex+2}
   (You found it in the Dungeon)

   [ring of willpower]

   Int+3:     It affects your intelligence (+3).
   Dex+2:     It affects your dexterity (+2).
   Will+:     It increases your willpower.
 w - an amulet of reflection (around neck)
 y - the ring "Uckuul" (left claw) {rElec Str+6 SInv}
   (You found it in the Dungeon)

   [ring of strength]

   Str+6:     It affects your strength (+6).
   rElec:     It insulates you from electricity.
   SInv:      It lets you see invisible.
 z - a ring of protection from fire
 A - a +6 ring of strength
 B - a +6 ring of strength
 G - the ring of Ascent {Fire rPois Int+4}
   (You took it off an efreet in the Dungeon)

   [ring of fire]

   Fire:      It enhances your fire magic.
   Int+4:     It affects your intelligence (+4).
   rF+:       It protects you from fire.
   rC-:       It makes you vulnerable to cold.
   rPois:     It protects you from poison
 H - the ring of Hiocroipt {rN+ EV+5}
   (You found it in the Dungeon)

   [ring of evasion]

   EV+5:      It affects your evasion (+5).
   rN+:       It protects you from negative energy.
 K - a +6 ring of strength
 L - a ring of willpower
 N - a +4 ring of protection
 P - the ring "Tanwin" {Fly rF- rC+ MP+9}
   (You found it in the Dungeon)

   [ring of magical power]

   rF-:       It makes you vulnerable to fire.
   rC+:       It protects you from cold.
   MP+9:      It affects your magic capacity (+9).
   Fly:       It grants you flight.
Wands
 a - a wand of flame (50)
 b - a wand of digging (9)
 n - a wand of charming (17)
 s - a wand of mindburst (15)
 t - a wand of iceblast (10)
 u - a wand of light (12)
Scrolls
 j - 4 scrolls of blinking
 o - 4 scrolls of amnesia
 p - 7 scrolls of fog
 q - 5 scrolls of identify
 r - 2 scrolls of fear
 F - 2 scrolls of brand weapon
Potions
 d - 6 potions of might
 e - 10 potions of curing
 f - 8 potions of heal wounds
 g - 6 potions of haste
 h - 6 potions of magic
 i - 2 potions of berserk rage
 k - 2 potions of brilliance
 l - 2 potions of invisibility
 m - 4 potions of resistance
Miscellaneous
 O - a box of beasts


   Skills:
 + Level 15.7 Fighting
 + Level 14.3 Long Blades
 + Level 17.1 Armour
 + Level 13.8 Dodging
 + Level 14.0 Shields
 + Level 18.9 Invocations
 + Level 14.9 Evocations


You had 12 spell levels left.
You didn't know any spells.
Your spell library contained the following spells:

 Spells                   Type           Power      Damage    Failure   Level
 Apportation              Tloc           0%         N/A       91%         1
 Kiss of Death            Conj/Necr      0%         2d5       91%         1
 Sandblast                Erth           0%         2d4       91%         1
 Cigotuvi's Dreadful Rot  Necr/Pois/Air  0%         N/A       97%         2
 Passwall                 Tmut/Erth      0%         N/A       97%         2
 Poisonous Vapours        Pois/Air       0%         N/A       97%         2
 Sublimation of Blood     Necr           0%         N/A       97%         2
 Wereblood                Tmut           0%         N/A       97%         2
 Confusing Touch          Hex            0%         N/A       99%         3
 Hailstorm                Conj/Ice       0%         3d3       99%         3
 Ignite Poison            Fire/Tmut/Pois 0%         N/A       99%         3
 Inner Flame              Hex/Fire       0%         N/A       99%         3
 Mephitic Cloud           Conj/Pois/Air  0%         N/A       99%         3
 Ozocubu's Armour         Ice            0%         N/A       99%         3
 Stone Arrow              Conj/Erth      0%         3d7       99%         3
 Tukima's Dance           Hex            0%         N/A       99%         3
 Brom's Barrelling Bould  Conj/Erth      0%         2d3       100%        4
 Dimensional Bullseye     Hex/Tloc       0%         N/A       100%        4
 Dispel Undead            Necr           0%         3d6       100%        4
 Flame Wave               Conj/Fire      0%         2d4       100%        4
 Fulminant Prism          Conj/Hex       0%         3d5       100%        4
 Leda's Liquefaction      Hex/Erth       0%         N/A       100%        4
 Passage of Golubria      Tloc           0%         N/A       100%        4
 Sticky Flame             Conj/Fire      0%         2d3       100%        4
 Summon Lightning Spire   Summ/Air       0%         N/A       100%        4
 Vhi's Electric Charge    Tloc/Air       0%         N/A       100%        4
 Arcjolt                  Conj/Air       0%         1d10      100%        5
 Borgnjor's Vile Clutch   Necr/Erth      0%         N/A       100%        5
 Freezing Cloud           Conj/Ice/Air   0%         6-21      100%        5
 Iskenderun's Battlesphe  Conj           0%         2d6       100%        5
 Summon Mana Viper        Hex/Summ       0%         N/A       100%        5
 Yara's Violent Unravell  Hex/Tmut       0%         3d3       100%        5
 Conjure Ball Lightning   Conj/Air       0%         3x3d6     100%        6
 Leda's Unmaking          Conj/Erth      0%         9d1       100%        6
 Plasma Beam              Fire/Air       0%         2x1d10    100%        6
 Simulacrum               Ice/Necr       0%         N/A       100%        6
 Ozocubu's Refrigeration  Ice            0%         4d7       100%        7
 Spellforged Servitor     Conj/Summ      0%         N/A       100%        7
 Summon Hydra             Summ           0%         N/A       100%        7
 Death's Door             Necr           0%         N/A       100%        9
 Polar Vortex             Ice            0%         N/A       100%        9
 Shatter                  Erth           0%         3d5*      100%        9


Dungeon Overview and Level Annotations

Branches:
Dungeon (1/1)

Altars:
Ashenzari
Cheibriados
Dithmenos
Fedhas
Gozag
Hepliaklqana
Kikubaaqudgha
Makhleb
Nemelex Xobeh
Okawaru
Qazlal
Ru
Sif Muna
Trog
Uskayaw
Vehumet
Wu Jian
Xom
Yredelemnul
Jiyva
Lugonu


Innate Abilities, Weirdness & Mutations

You have very sharp fingernails.
You are mostly covered in thin metallic scales. (AC +3)
A weak demonic guardian rushes to your aid.
When hurt, damage is shared between your health and your magic reserves.
You regenerate magic rapidly.
You do not regenerate when monsters are visible.


Message History

* * * LOW HITPOINT WARNING * * *
The hell hog breathes fire at you.
The fireball explodes!
The fireball engulfs you. You resist.
You feel more protected from fire.
* * * LOW HITPOINT WARNING * * *
The fireball engulfs the hell hog.
The hell hog completely resists.
The fire giant points at you and mumbles some strange words.
The bolt of fire hits the balrug.
The balrug completely resists.
The bolt of fire hits you but does no damage.
You resist.
You feel more protected from fire.
A red film seems to cover your vision as you go berserk!
You feel yourself moving faster!
You feel mighty!
The fire giant is no longer encased in ice.
You block the hell hog's attack.
PANG!
The hellephant tramples you but does no damage.
You block the hellephant's attack.
GONNNNG!
You block the hellephant's attack.
GONNNNG!
The balrug hits you but does no damage. You block the hell hog's attack.
SHROANNG!
You slice the hellephant!!
The hellephant is heavily wounded.
You block the hellephant's attack.
PANG!
The hellephant bites you but does no damage.
The hellephant gores you.
* * * LOW HITPOINT WARNING * * *
Your resistance to fire fades away.
You feel protected from physical attacks.
You block the salamander tyrant's attack.
BONNNG!
The balrug hits you with a +1 demon whip of venom!
* * * LOW HITPOINT WARNING * * *
You are engulfed in flames!
You resist.
Your resistance to physical damage fades away.
You feel protected from fire.
You die...

▓...|...[%
▓..[[)"≈≈/==..▓...|.....
▓..[)|≈:)≈!§..▓.........
▓.....†).≈....▓.........
▓...........≈.▓.........
▓...C..C.≈†...▓.........
▓....≈n2°°....▓..▓.....▓
▓.....2YN°....▓.........
..▓.§h@○..▓..▓.....©...
▓ ▓.▓§≈.☼.▓.▓ ▓▓▓▓▓▓▓▓▓▓
▓..▓.○.§...▓..▓....8©8..
▓........≈....▓.......).
▓.....§©.≈....▓...).[[|.
▓▓▓▓▓▓▓▓▓▓▓▓▓▓▓.........
▓......... ▓.....)...
▓....)÷...


You could see a hellephant, a searing wretch, 2 fire giants, 2 balrugs, a
salamander tyrant and a hell hog (catching breath).

Vanquished Creatures
  2 liches (D)
  A titan (D)
  3 acid blobs (D)
  2 storm dragons (D)
  A rockslime (D)
  4 fire giants (D)
  A ghoul (D)
  A stone giant (D)
  2 vampire knights (D)
  2 mummy priests (D)
  2 fire dragons (D)
  3 salamander tyrants (D)
  7 vault guards (D)
  5 spriggan air magi (D)
  5 hell hogs (D)
  A glowing orange brain (D)
  2 wolf spiders (D)
  2 shining eyes (D)
  A cyclops (D)
  3 draconians (D)
  2 eyes of devastation (D)
  2 cane toads (D)
  2 tormentors (D)
  An efreet (D)
  4 wind drakes (D)
  2 tarantellas (D)
  4 merfolk (D)
  A blink frog (D)
  4 slime creatures (D)
  A flying skull (D)
  A vampire (D)
  2 shadows (D)
  2 wyverns (D)
  2 spriggans (D)
  2 yaks (D)
  5 air elementals (D)
  3 redbacks (D)
  3 fire elementals (D)
  5 water moccasins (D)
  4 hell hounds (D)
  A black bear (D)
  An orc warrior (D)
  A centaur (D)
  A wolf (D)
  A phantom (D)
  2 bullfrogs (D)
  2 scorpions (D)
  2 wights (D)
  An orc priest (D)
  5 jellies (D)
  An iron imp (D)
  3 orc wizards (D)
  A mummy (D)
  A white imp (D)
  An adder skeleton (D)
  An adder zombie (D)
  An orc (D)
  2 bat skeletons (D)
  A bat zombie (D)
  An endoplasm (D)
  A ball python skeleton (D)
  2 ball python zombies (D)
  A quokka skeleton (D)
  A quokka zombie (D)
  2 fire vortices (D)
139 creatures vanquished.

Notes
Turn   | Place    | Note
-------+----------+-------------------------------------------
     0 | D        | Revguard the Demonspawn Fighter began the quest for the
                  | Orb.
     0 | D        | Reached XP level 1. HP: 18/18 MP: 1/1
     0 | D        | Found a blossoming altar of Fedhas.
     0 | D        | Found the +6 Majin-Bo {spellvamp, MP+6 Int+6}
     0 | D        | Found the +27 heavy crossbow "Sniper" {heavy, Acc+∞ SInv}
     0 | D        | Found the +10 dark maul {heavy}
     0 | D        | Found the +15 Maxwell's patent armour {-Cast -Tele rElec
                  | Will+ rCorr}
     0 | D        | Found the +18 shield of the Gong {Loud rN+ Will+ rCorr
                  | EV-5}
     0 | D        | Found the +16 obsidian axe {drain, demonic, Mesm Drain Fly
                  | SInv}
     0 | D        | Found the +7 great mace "Firestarter" {flame, immolate,
                  | rFlCloud rF++}
     0 | D        | Found the +6 shillelagh "Devastator" {shatter}
     0 | D        | Found the +11 plutonium sword {Contam Stlth-}
     0 | D        | Found the +8 lance "Wyrmbane" {slay drac, rPois rF+ rC+
                  | AC+3}
     0 | D        | Found the +9 sword of Zonguldrok {reap}
     0 | D        | Found the +13 scythe of Curses {drain, curses, Drain}
     0 | D        | Found the +9 sword of Power {lifebolt}
     0 | D        | Found the +7 mace of Variability {chaos, chaos arc}
     0 | D        | Found the +11 Singing Sword {sonic wave}
     0 | D        | Found the +8 storm bow {elec, penet}
     1 | D        | Found a shimmering blue altar of Sif Muna.
     1 | D        | Found a sacrificial altar of Ru.
     1 | D        | Found a bloodstained altar of Trog.
     1 | D        | Found a stormy altar of Qazlal.
     1 | D        | Found an iron altar of Okawaru.
     1 | D        | Found a sparkling altar of Nemelex Xobeh.
     3 | D        | Found a transporter.
     3 | D        | Found an ancient bone altar of Kikubaaqudgha.
     3 | D        | Found a viscous altar of Jiyva.
     3 | D        | Found a corrupted altar of Lugonu.
     3 | D        | Found a hazy altar of Hepliaklqana.
     3 | D        | Found a burning altar of Makhleb.
     3 | D        | Found an opulent altar of Gozag.
    66 | D        | Became a worshipper of Qazlal Stormbringer
    74 | D        | Reached skill level 3 in Invocations
    74 | D        | Gained mutation: You have sharp fingernails. [demonic
                  | ancestry]
    74 | D        | Reached XP level 2. HP: 25/25 MP: 1/4
   108 | D        | Entered arena 2.
   108 | D        | Found a transporter.
   115 | D        | Gained mutation: You have very sharp fingernails. [demonic
                  | ancestry]
   115 | D        | Reached XP level 3. HP: 23/31 MP: 5/5
   123 | D        | Got Sif Muna's Compendium of Displaced Curses
   143 | D        | Entered arena 3.
   143 | D        | Noticed a draconian
   143 | D        | Noticed a draconian
   143 | D        | Noticed a draconian
   143 | D        | Found a transporter.
   148 | D        | Killed a draconian
   148 | D        | Reached * piety under Qazlal
   149 | D        | Reached skill level 5 in Long Blades
   149 | D        | Reached skill level 5 in Armour
   149 | D        | Reached skill level 5 in Shields
   149 | D        | Reached skill level 6 in Invocations
   149 | D        | Reached skill level 5 in Evocations
   149 | D        | Reached XP level 4. HP: 40/41 MP: 6/9
   149 | D        | Gained mutation: You regenerate magic rapidly. [demonic
                  | ancestry]
   149 | D        | Reached XP level 5. HP: 46/47 MP: 6/10
   149 | D        | Gained mutation: You are partially covered in thin metallic
                  | scales. (AC +2) [demonic ancestry]
   149 | D        | Reached XP level 6. HP: 52/53 MP: 6/11
   152 | D        | Killed a draconian
   153 | D        | Reached skill level 5 in Dodging
   153 | D        | Reached skill level 8 in Invocations
   153 | D        | Gained mutation: When hurt, damage is shared between your
                  | health and your magic reserves. [demonic ancestry]
   153 | D        | Reached XP level 7. HP: 52/60 MP: 7/13
   155 | D        | Killed a draconian
   156 | D        | Reached XP level 8. HP: 60/68 MP: 8/14
   180 | D        | Entered arena 4.
   180 | D        | Found the +7 lajatang of Order {silver, rMut}
   180 | D        | Found a transporter.
   184 | D        | Reached ** piety under Qazlal
   186 | D        | Reached skill level 9 in Invocations
   193 | D        | Got the Tractate on the Grim Tempest
   197 | D        | Entered arena 5.
   197 | D        | Found a transporter.
   200 | D        | Reached *** piety under Qazlal
   211 | D        | Reached skill level 10 in Invocations
   211 | D        | Reached XP level 9. HP: 69/75 MP: 16/16
   229 | D        | Entered arena 6.
   229 | D        | Found a transporter.
   233 | D        | Reached **** piety under Qazlal
   233 | D        | Reached ***** piety under Qazlal
   259 | D        | Entered arena 7.
   259 | D        | Noticed a shining eye
   260 | D        | Found a transporter.
   263 | D        | Gained mutation: You do not regenerate when monsters are
                  | visible. [a shining eye]
   264 | D        | Killed a shining eye
   278 | D        | Entered arena 8.
   279 | D        | Found a transporter.
   281 | D        | Reached ****** piety under Qazlal
   290 | D        | Got the ring of Thoughtfulness {rN+ Int+8 Dex+6 SInv
                  | Stlth-}
   294 | D        | Entered arena 9.
   294 | D        | Noticed a mummy priest
   294 | D        | Noticed a mummy priest
   295 | D        | Found a transporter.
   301 | D        | Reached skill level 11 in Invocations
   301 | D        | Noticed a flayed ghost
   301 | D        | Killed a mummy priest
   304 | D        | Killed a mummy priest
   305 | D        | Reached skill level 10 in Fighting
   305 | D        | Gained mutation: You are mostly covered in thin metallic
                  | scales. (AC +3) [demonic ancestry]
   305 | D        | Reached XP level 10. HP: 68/85 MP: 18/18
   310 | D        | Got the ring of Joy {Will+ Int+3 Dex+2}
   353 | D        | Entered arena 10.
   353 | D        | Found the +3 Elemental Staff {ele, rElec rF+ rC+ AC+3}
   353 | D        | Noticed a cyclops
   354 | D        | Found a transporter.
   357 | D        | Killed a cyclops
   358 | D        | Reached skill level 12 in Invocations
   378 | D        | Got the Precepts of Shifting and Force
   661 | D        | Entered arena 11.
   661 | D        | Noticed a wolf spider
   661 | D        | Noticed a wolf spider
   662 | D        | Found a transporter.
   666 | D        | Killed a wolf spider
   666 | D        | Killed a wolf spider
   667 | D        | Reached skill level 13 in Invocations
   667 | D        | Reached skill level 10 in Evocations
   670 | D        | Reached skill level 10 in Long Blades
   670 | D        | Gained mutation: A weak demonic guardian rushes to your
                  | aid. [demonic ancestry]
   670 | D        | Reached XP level 11. HP: 41/93 MP: 11/20
   678 | D        | Got the ring "Uckuul" {rElec Str+6 SInv}
   862 | D        | Entered arena 12.
   862 | D        | Noticed a vault guard
   862 | D        | Noticed a lich
   862 | D        | Noticed a vault guard
   862 | D        | Noticed a vault guard
   862 | D        | Noticed a vault guard
   862 | D        | Noticed a vault guard
   862 | D        | Noticed a stone giant
   863 | D        | Noticed a vault guard
   863 | D        | Noticed a vault guard
   863 | D        | Noticed a lich
   864 | D        | Found a transporter.
   866 | D        | Killed a stone giant
   866 | D        | Killed a vault guard
   867 | D        | Reached skill level 10 in Armour
   867 | D        | Reached skill level 10 in Shields
   869 | D        | Killed a vault guard
   869 | D        | Killed a vault guard
   869 | D        | Killed a vault guard
   869 | D        | Killed a lich
   870 | D        | Reached skill level 10 in Dodging
   870 | D        | Reached skill level 14 in Invocations
   870 | D        | Killed a vault guard
   872 | D        | Killed a vault guard
   873 | D        | Killed a vault guard
   877 | D        | Killed a lich
   878 | D        | Reached skill level 15 in Invocations
   888 | D        | Got the ring of Hiocroipt {rN+ EV+5}
   903 | D        | Entered arena 13.
   903 | D        | Noticed a ghoul
   903 | D        | Noticed a vampire knight
   903 | D        | Noticed a vampire knight
   904 | D        | Found the -2 hat of the Alchemist {rElec rPois rF+ rC+ rN+
                  | Will+ rMut rCorr}
   905 | D        | Found a transporter.
   911 | D        | Reached XP level 12. HP: 88/103 MP: 23/23
   913 | D        | Killed a vampire knight
   918 | D        | Killed a ghoul
   921 | D        | Killed a vampire knight
   976 | D        | Entered arena 14.
   976 | D        | Noticed a fire giant
   976 | D        | Noticed a fire giant
   976 | D        | Noticed a fire giant
   977 | D        | Noticed a hell hog
   977 | D        | Noticed a fire dragon
   977 | D        | Noticed a fire dragon
   977 | D        | Found the +3 warlock's mirror {omnireflect}
   978 | D        | Identified the ring of Ascent {Fire rPois Int+4}
   979 | D        | Found a transporter.
   984 | D        | Killed a hell hog
   987 | D        | Killed a fire giant
   989 | D        | Killed a fire dragon
   990 | D        | Reached skill level 16 in Invocations
   992 | D        | Killed a fire giant
   993 | D        | Killed a fire giant
   998 | D        | Killed a fire dragon
  1011 | D        | Got the Textbook on the Sandy Glacier
  1356 | D        | Entered arena 15.
  1356 | D        | Noticed an acid blob
  1356 | D        | Noticed an acid blob
  1357 | D        | Noticed a rockslime
  1357 | D        | Noticed an acid blob
  1359 | D        | Killed an acid blob
  1361 | D        | Killed an acid blob
  1362 | D        | Found a transporter.
  1365 | D        | Reached skill level 17 in Invocations
  1365 | D        | Reached XP level 13. HP: 62/113 MP: 7/25
  1365 | D        | Killed a rockslime
  1366 | D        | Killed an acid blob
  1367 | D        | Reached skill level 15 in Armour
  1501 | D        | Entered arena 16.
  1504 | D        | Found a transporter.
  1527 | D        | Got the Vademecum on Bodies and Impulse
  1545 | D        | Entered arena 17.
  1547 | D        | Identified the +6 flail "Wuec" {holy, rF+ rCorr Str+3}
  1548 | D        | Noticed a titan
  1548 | D        | Noticed a storm dragon
  1548 | D        | Noticed a storm dragon
  1548 | D        | Paralysed by an air elemental for 1 turns
  1548 | D        | Identified the +2 dagger of the Conjuring Asp {heavy, Will+
                  | rCorr Int+2}
  1550 | D        | Killed a storm dragon
  1551 | D        | Reached skill level 18 in Invocations
  1553 | D        | Paralysed by an air elemental for 1 turns
  1554 | D        | Reached skill level 15 in Fighting
  1555 | D        | Killed a storm dragon
  1559 | D        | Killed a titan
  1560 | D        | Found a transporter.
  1577 | D        | Got the ring "Tanwin" {Fly rF- rC+ MP+9}
  1681 | D        | Entered arena 18.
  1683 | D        | Noticed a searing wretch
  1683 | D        | Noticed a balrug
  1684 | D        | Noticed a fire giant
  1684 | D        | Noticed a hellephant
  1684 | D        | Noticed a fire giant
  1684 | D        | Found the +2 shield of Resistance {rF++ rC++ Will++}
  1684 | D        | Noticed a fire giant
  1684 | D        | Noticed a balrug
  1687 | D        | Killed a fire giant
  1690 | D        | HP: 4/175 [balrug/+1 demon whip of venom (13)]
  1690 | D        | Slain by a balrug

Illustrated notes

Levels and vault maps discovered:
D:        sprint_v [room_start, room_1, room_2, room_3, room_4, room_5, room_6,
          room_7, room_8, room_9, room_10, room_11, room_12, room_13, room_14,
          room_15, room_16, room_17, room_18, room_19, room_20, room_21,
          room_22, room_23, room_24, room_25, room_26, room_27]

Skill      XL: |  1  2  3  4  5  6  7  8  9 10 11 12 13 |
---------------+----------------------------------------+-----
Fighting       | 4 6 7 8 10 11 12 14 15 | 15.7
Long Blades    | 3 5 6 7 8 10 11 12 14 | 14.3
Armour         | 3 5 6 7 8 9 12 14 17 | 17.1
Dodging        | 2 4 5 6 7 8 9 10 12 13 | 13.8
Shields        | 3 5 6 7 8 9 11 12 14 | 14.0
Invocations    | 3 6 8 10 11 13 15 17 18 | 18.9
Evocations     | 2 5 6 7 9 10 11 13 14 | 14.9

Action                     |  1- 3 |  4- 6 |  7- 9 | 10-12 | 13-15 || total
---------------------------+-------+-------+-------+-------+-------++-------
  Melee: Double sword      |    10 |     4 |    42 |    51 |    21 ||   128
 Invoke: Disaster Area     |       |       |       |     5 |     2 ||     7
         Elemental Force   |       |       |       |     2 |       ||     2
  Evoke: Wand              |       |       |       |     3 |       ||     3
    Use: Potion            |     1 |       |       |     2 |     2 ||     5
 Armour: Plate armour      |    10 |     3 |    20 |    85 |    47 ||   165
  Dodge: Dodged            |       |       |       |    15 |     9 ||    24
         Repelled          |       |       |       |     1 |     2 ||     3
  Block: Kite shield       |    19 |     7 |    73 |   170 |    39 ||   308
         Reflection        |       |       |       |     1 |     1 ||     2

Table legend: (Time is in decaauts)
 A = Elapsed time spent in this place.
 B = Non-inter-level travel time spent in this place.
 C = Inter-level travel time spent in this place.
 D = Time resting spent in this place.
 E = Time spent auto-exploring this place.
 F = Levels seen in this place.
 G = Mean time per level.
                   A        B        C        D        E       F      G
               +--------+--------+--------+--------+--------+-----+--------+
         Total |   1702 |   1702 |      0 |   1085 |      0 |   1 | 1702.0 |
       Dungeon |   1702 |   1702 |      0 |   1085 |      0 |   1 | 1702.0 |
               +--------+--------+--------+--------+--------+-----+--------+

Top non-repeatable levels by time:
       D: 1702 daAuts
